 Dungeon Crawl Stone Soup version 0.28-a0-21-gf74fda84f9 (webtiles) character file.

Game seed: 8981788902174021324

18 Travesty312 the Ruffian (level 2, 0/23 HPs)
             Began as a Draconian Transmuter on July 26, 2021.
             Slain by an adder (1 damage)
             ... on level 2 of the Dungeon.
             The game lasted 00:01:24 (559 turns).

Travesty312 the Ruffian (Draconian Transmuter)       Turns: 559, Time: 00:01:24

Health: 0/23       AC:  4    Str: 12    XL:     2   Next: 48%
Magic:  5/5        EV: 12    Int: 13    God:
Gold:   13         SH:  0    Dex: 11    Spells: 4/5 levels left

rFire   . . .      SeeInvis .     - Unarmed
rCold   . . .      Faith    .   (no shield)
rNeg    . . .      Spirit   .   (armour unavailable)
rPois   .          Reflect  .   (helmet restricted)
rElec   .          Harm     .   (no cloak)
rCorr   .          Rampage  .   (no gloves)
Will    .....                   (no boots)
Stlth   +.........              (no amulet)
HPRegen 0.07/turn               (no ring)
MPRegen 0.09/turn               (no ring)

@: lethally poisoned (0 -> -3)
A: AC +4, unfitting armour, cold-blooded
a: no special abilities


You were on level 2 of the Dungeon.
You visited 1 branch of the dungeon, and saw 2 of its levels.

You collected 13 gold pieces.

Inventory:

Jewellery
 b - a ring of willpower
Scrolls
 a - a scroll of summoning {unknown}
 c - a scroll of identify {unknown}
 e - a scroll of teleportation {unknown}
Potions
 d - a potion of attraction {unknown}


   Skills:
 + Level 1.1 Fighting
 + Level 1.9 Dodging
 + Level 3.5 Unarmed Combat
 + Level 2.1 Spellcasting
 + Level 2.2 Transmutations


You had 4 spell levels left.
You knew the following spells:

 Your Spells              Type           Power      Damage    Failure   Level
a - Beastly Appendage     Tmut           14%        N/A       10%         1

Your spell library contained the following spells:

 Spells                   Type           Power      Damage    Failure   Level
 Wereblood                Tmut           7%         N/A       16%         2
 Spider Form              Tmut/Pois      2%         N/A       43%         3
 Ice Form                 Ice/Tmut       4%         N/A       85%         4


Dungeon Overview and Level Annotations

Branches:
Dungeon (2/15)

Altars:


Innate Abilities, Weirdness & Mutations

Your plain brown scales are hard. (AC +4)
You cannot fit into any form of body armour.
You are cold-blooded and may be slowed by cold attacks.


Message History

You kill the worm!
The adder bites you but does no damage.
You see here a +0 dagger.
The adder misses you. The adder closely misses you.
You closely miss the adder. Your punch misses the adder. The adder bites you.
You miss the adder. The adder barely misses you.
You miss the adder. The adder misses you. The adder bites you.
You are poisoned.
The adder poisons you!
You barely miss the adder.
You feel sick. The adder bites you.
You closely miss the adder.
You feel sick. The adder bites you but does no damage.
You miss the adder.
You feel sick. The adder barely misses you.
You closely miss the adder.
You feel sick.
You are no longer poisoned.
The adder barely misses you. x2
You completely miss the adder. The adder bites you but does no damage.
You hit the adder.
The adder is moderately wounded.
The adder barely misses you.
You hit the adder.
The adder is moderately wounded.
The adder bites you but does no damage.
You miss the adder.
Your tail-slap misses the adder.
The adder is moderately wounded.
The adder bites you.
* * * LOW HITPOINT WARNING * * *
You are lethally poisoned!
The adder poisons you!
You closely miss the adder.
The adder is moderately wounded.
* * * LOW HITPOINT WARNING * * *
You feel sick. The adder barely misses you.
The adder bites you but does no damage.
You closely miss the adder.
Your tail-slap misses the adder.
The adder is moderately wounded.
* * * LOW HITPOINT WARNING * * *
You feel sick. The adder bites you.
You die...

#.###.#)#.##.#
.(....#......#
#.......#
#.......#
#.......#
#.......#
#.......#
#.S.....#
#.@.....#
#########


You could see an adder.

Vanquished Creatures
  A worm (D:2)
  A ball python (D:1)
  An endoplasm (D:1)
  4 goblins
  3 hobgoblins (D:1)
  A bat (D:1)
  A frilled lizard (D:1)
  A rat (D:1)
13 creatures vanquished.

Notes
Turn   | Place    | Note
-------+----------+-------------------------------------------
     0 | D:1      | Travesty312 the Draconian Transmuter began the quest for
                  | the Orb.
     0 | D:1      | Reached XP level 1. HP: 16/16 MP: 3/3
   164 | D:1      | Found a faded altar of an unknown god.
   244 | D:1      | Reached XP level 2. HP: 23/23 MP: 5/5
   559 | D:2      | HP: 1/23 [poisoned by an adder]
   559 | D:2      | Slain by an adder

Illustrated notes

Levels and vault maps discovered:
D:1:      dpeg_arrival_stone_temple_mockup, layout_loops_ring,
          shapermc_ecumenical_altar_starsandcircs, serial_glass,
          glass_columns_c, glass_columns_a, minmay_misc_feat_rows
D:2:      layout_loops_cross, uniq_natasha

Action                   || total
-------------------------++-------
Melee: Unarmed           ||    52
       Tailslap          ||     8
Armor: Skin              ||    25
Dodge: Dodged            ||    52

Table legend: (Time is in decaauts)
 A = Elapsed time spent in this place.
 B = Non-inter-level travel time spent in this place.
 C = Inter-level travel time spent in this place.
 D = Time resting spent in this place.
 E = Time spent auto-exploring this place.
 F = Levels seen in this place.
 G = Mean time per level.
                   A        B        C        D        E       F      G
               +--------+--------+--------+--------+--------+-----+--------+
         Total |    559 |    559 |      0 |      0 |    371 |   2 |  279.5 |
       Dungeon |    559 |    559 |      0 |      0 |    371 |   2 |  279.5 |
               +--------+--------+--------+--------+--------+-----+--------+

Top non-repeatable levels by time:
     D:1: 521 daAuts
     D:2: 37 daAuts
